 Dungeon Crawl Stone Soup version 0.27.0-1-g7a089689b8 (webtiles) character file.

Game seed: 1553754022854342619

37 robertstho the Ruffian (level 3, -1/26 HPs)
             Began as an Octopode Berserker on Aug 5, 2021.
             Was a Follower of Trog.
             Slain by a gnoll (12 damage)
             ... on level 2 of the Dungeon.
             The game lasted 00:01:02 (1615 turns).

robertstho the Ruffian (Octopode Berserker)         Turns: 1615, Time: 00:01:03

Health: -1/26      AC:  1    Str: 17    XL:     3   Next: 39%
Magic:  3/3        EV: 13    Int:  9    God:    Trog [*.....]
Gold:   36         SH:  0    Dex: 11    Spells: 2/2 levels left

rFire    . . .     SeeInvis .     - Unarmed
rCold    . . .     Faith    .   (no shield)
rNeg     . . .     Spirit   .   (helmet restricted)
rPois    .         Reflect  .   (no amulet)
rElec    .         Harm     .   (no ring)
rCorr    .         Rampage  .   (no ring)
Will     .....                  (no ring)
Stlth    +++.......             (no ring)
HPRegen  0.08/turn              (no ring)
MPRegen  0.08/turn              (no ring)
                                (no ring)
                                (no ring)

@: lethally poisoned (-1 -> -9), on berserk cooldown, slowed, very slow
A: almost no armour, amphibious, 8 rings, camouflage 1, gelatinous body 1,
(nimble swimmer 1), tentacles
a: Renounce Religion, Berserk


You were on level 2 of the Dungeon.
You worshipped Trog.
Trog was aware of your devotion.
You visited 1 branch of the dungeon, and saw 2 of its levels.

You collected 36 gold pieces.

Inventory:

Scrolls
 a - a scroll of magic mapping
 d - a scroll of silence
 e - a scroll of teleportation {unknown}
Potions
 b - a potion of curing {unknown}
 c - 2 potions of degeneration {unknown}
 f - a potion of attraction {unknown}


   Skills:
 * Level 3.2 Fighting
 * Level 3.4 Dodging
 * Level 1.3 Stealth
 * Level 3.5 Unarmed Combat


You had 2 spell levels left.
You didn't know any spells.
Your spell library was empty.

Dungeon Overview and Level Annotations

Branches:
Dungeon (2/15)

Altars:


Innate Abilities, Weirdness & Mutations

You cannot wear most types of armour.
You are amphibious.
You can wear up to eight rings at the same time.
Your skin changes colour to match your surroundings (Stealth+).
Your rubbery body absorbs attacks. (AC +1, EV +1)
((You are camouflaged near water. (Stealth+)))
You have tentacles for arms and can constrict up to eight enemies at once.


Message History

You tentacle-slap the adder. You grab the adder. You squeeze the adder.
You kill the adder!
Trog accepts your kill.
No target in view!
No target in view!
No target in view!
Key pressed, stopping explore.
HP restored. 2 gnolls come into view.
A gnoll is wielding a +2 spear of venom.
The gnoll shouts! x2
There are monsters nearby!
There are monsters nearby!
There are monsters nearby!
There are monsters nearby!
You see here an adder corpse.
An endoplasm comes into view.
Found 3 gold pieces.
The gnoll throws a throwing net.
The throwing net hits you.
You become entangled in the net!
You see here a throwing net.
You struggle against the net.
A red film seems to cover your vision as you go berserk!
You feel yourself moving faster!
You feel mighty!
You struggle against the net.
You feel a strong urge to attack something.
The gnoll completely misses you.
You struggle against the net.
The gnoll hits you from afar with a +0 halberd.
The gnoll hits you from afar with a +2 spear of venom!
You are poisoned.
You shred the net and break free!
You feel your anger nearly subside.
You are no longer berserk.
You are exhausted.
You feel yourself slow down.
You feel very sick. The gnoll barely misses you.
You feel very sick. The gnoll barely misses you.
The gnoll hits you with a +0 halberd!
You die...

######..# $......
#.###
#.......##.......
#...#
###........#.....J.
####.#
..........#.......
#....###
#........#....#
#####..#
#...g........# ##.#
#.......#.#### #.#
#.......#gg# #.#
#g########@# #.#
#†# #.## #.## #.#
###..# #... +.#
#...(# ###.
#g######....# #...
#.)$........## #.##
#............###
#.#
#...!......#.#.#
#.#
#.######...#.#.#
#.#


You could see 2 gnolls.

Vanquished Creatures
  An adder (D:2)
  2 dart slugs
  An orc (D:2)
  A ball python (D:1)
  A bat (D:1)
  2 endoplasms (D:1)
  3 goblins (D:1)
  3 hobgoblins (D:1)
  2 kobolds (D:1)
  3 frilled lizards
  4 rats (D:1)
23 creatures vanquished.

Notes
Turn   | Place    | Note
-------+----------+-------------------------------------------
     0 | D:1      | robertstho the Octopode Berserker began the quest for the
                  | Orb.
     0 | D:1      | Reached XP level 1. HP: 16/16 MP: 1/1
   399 | D:1      | Reached XP level 2. HP: 21/21 MP: 2/2
  1423 | D:2      | Reached skill level 1 in Stealth
  1423 | D:2      | Reached XP level 3. HP: 26/26 MP: 3/3
  1615 | D:2      | Slain by a gnoll

Illustrated notes

Levels and vault maps discovered:
D:1:      dpeg_arrival_oval, layout_basic
D:2:      layout_basic, basic_altar, ebering_ecumenical_altar_hall,
          grunt_ministairs_11, kennysheep_path_1

Skill      XL: |  1  2 |
---------------+-------+-----
Stealth        | 1 |  1.3
Fighting       | |  3.2
Dodging        | |  3.4
Unarmed Combat | |  3.5

Action                   || total
-------------------------++-------
Melee: Unarmed           ||    47
       Constrict         ||    14
       Tentacles         ||     6
       Punch             ||     1
Invok: Berserk           ||     2
  Use: Scroll            ||     2
 Stab: Sleeping          ||     8
Armor: Skin              ||     4
Dodge: Dodged            ||    22
